 Dungeon Crawl Stone Soup version 0.27.0-66-gdc8fb28755 (webtiles) character file.

Game seed: 11414978673653730063

4747 robertstho the Basher (level 10, -2/150 (153) HPs)
             Began as a Troll Berserker on Aug 20, 2021.
             Was an Elder of Trog.
             Succumbed to a killer bee's poison
             ... on level 7 of the Dungeon.
             The game lasted 00:12:27 (5909 turns).

robertstho the Basher (Troll Berserker)             Turns: 5909, Time: 00:12:28

HP:   -2/150 (153)  AC: 25    Str: 28    XL:     10   Next: 23%
MP:   9/9           EV:  1    Int:  5    God:    Trog [****..]
Gold: 242           SH:  0    Dex:  9    Spells: 9/9 levels left

rFire    + . .     SeeInvis .   l - +0 flail
rCold    x . .     Faith    .   (no shield)
rNeg     + + +     Spirit   .   (armour currently unavailable)
rPois    +         Reflect  .   (helmet currently unavailable)
rElec    .         Harm     .   (cloak currently unavailable)
rCorr    .         Rampage  .   (gloves unavailable)
Will     ++...     NoTele   +   (boots unavailable)
Stlth    +.........             g - amulet of regeneration
HPRegen  3.35/turn              i - ring of fire
MPRegen  0.11/turn              (no ring)

@: lethally poisoned (-2 -> -14), tree-form, strong-willed (expiring), on
berserk cooldown, regenerating (expiring), slowed, studying Short Blades,
lightly drained, very slow
A: stationary, stasis, torment immunity, boosted hp, large, unfitting armour,
(claws 3), regeneration 1, (shaggy fur 1), (tough skin 1)
a: Renounce Religion, Berserk, Trog's Hand, Brothers in Arms


You were on level 7 of the Dungeon.
You worshipped Trog.
Trog was greatly pleased with you.
You were a tree.
You visited 1 branch of the dungeon, and saw 7 of its levels.
You also visited: Bailey.

You collected 242 gold pieces.

Inventory:

Hand Weapons
 l - a +0 flail (weapon)
Armour
 d - a +1 animal skin
 m - a +0 cloak of stealth (melded)
 p - +0 fire dragon scales (melded)
Jewellery
 g - an amulet of regeneration (around neck)
 i - a ring of fire (left branch)
Wands
 a - a wand of paralysis (10)
 j - a wand of acid (3)
Scrolls
 b - a scroll of fear
 c - 3 scrolls of teleportation
 k - a scroll of enchant weapon
 o - a scroll of summoning {unknown}


   Skills:
 * Level 7.2 Fighting
 + Level 8.7 Maces & Flails
 * Level 6.0 Armour
 + Level 4.7 Dodging
 + Level 1.0 Evocations


You had 9 spell levels left.
You didn't know any spells.
Your spell library was empty.

Dungeon Overview and Level Annotations

Branches:
Dungeon (7/15)             Temple (0/1) D:6          Bailey (visited)

Altars:
Cheibriados
Elyvilon
Fedhas
Gozag
Hepliaklqana
Makhleb
Nemelex Xobeh
Qazlal
Sif Muna
Yredelemnul
The Shining One

Shops:
D:3 (

Annotations:
D:6 3 runed translucent doors, Daunt's ghost, novice DgTm


Innate Abilities, Weirdness & Mutations

You are a tree.
Your roots penetrate the ground, keeping you stationary.
You cannot be teleported.
You are immune to unholy pain and torment.
Your maximum health is greatly increased.
Your equipment is partially melded.
You are too large for most types of armour.
((You have claws for hands.))
Your natural rate of healing is unusually fast.
((You are covered in fur. (AC +1)))
((You have tough skin. (AC +1)))


Message History

The killer bee poisons you!
The killer bee stings you but does no damage. x2
You sock the deep elf pyromancer!
You kill the deep elf pyromancer!
Trog accepts your kill.
Trog appreciates your killing of a magic user.
You are covered in liquid flames!
You are no longer berserk.
You are exhausted.
You feel yourself slow down.
You feel very sick. The killer bee stings you!
* * * LOW HITPOINT WARNING * * *
You are more poisoned.
The killer bee poisons you! The killer bee barely misses you.
The killer bee stings you but does no damage.
Your Armour skill increases to level 6!
Your Evocations skill increases to level 1!
Your skin crawls.
You feel strong-willed.
You are covered in liquid flames!
* * * LOW HITPOINT WARNING * * *
You feel the effects of Trog's Hand fading.
You feel extremely sick.
The killer bee stings you but does no damage.
The killer bee stings you.
* * * LOW HITPOINT WARNING * * *
You are more poisoned.
The killer bee poisons you! The killer bee stings you.
* * * LOW HITPOINT WARNING * * *
You are more poisoned.
The killer bee poisons you!
The killer bee stings you but does no damage. x2
The killer bee barely misses you.
Really quaff the potion of lignification?
You turn into a tree.
Your +0 cloak of stealth melds into your body.
Your +0 fire dragon scales melds into your body.
You feel less stealthy.
Your roots penetrate the ground.
You die...

##.# ###.# ### ##...... #.#
#...# #<# #..#### ##.#** #...#
#.# #...... .....*
#...####.#######**#..#### ##.#.*
#..)'...........,,*,,* # *,*,*
#.^.###..#######*,*,,* # *,*,*
#...# #..# *,*,,** #
*,*,***##### #..# *,*,,,* #
*,*,,,,,,****#.♣#*******,*,,,**#
*,*,,,,,.'....)yyy.....,,,,,,,,.
*,*,,,,,.#####..#######*,**,*,**
*,*,,,,,,* #...,,,,,,,,**,*,**
*,*,,,,,,* #.##******,,**,*,**
*,*,****** #.* *,,**,*,,* *,*,*
#.* *,,**,**,* *,*,* #.*
*,,**,**,* *,*,*
********'********,,**,**,,


You could see 3 killer bees.

Vanquished Creatures
  A two-headed ogre (D:6)
  A deep elf pyromancer (D:7)
  An orc knight (Bailey)
  Sigmund (D:2)
  A water moccasin (D:5)
  3 orc warriors
  A sky beast (D:7)
  A black bear (D:7)
  3 hornet zombies
  2 necrophages
  2 centaurs
  A phantom (D:6)
  2 scorpions (D:6)
  2 water moccasin zombies
  2 wyvern skeletons
  A water moccasin skeleton (D:5)
  7 wights
  A bullfrog zombie (D:5)
  2 centaur zombies (D:5)
  2 orc priests (D:3)
  6 jellies
  Crazy Yiuf (D:2)
  2 bullfrog skeletons
  A hound (D:4)
  A centaur skeleton (D:5)
  Terence (D:3)
  Jessica (D:3)
  2 iguanas
  A scorpion zombie (D:5)
  2 orc wizards (D:5)
  A killer bee zombie (D:5)
  A hound zombie (D:5)
  A hound skeleton (D:5)
  Robin (D:4)
  A howler monkey skeleton (D:4)
  2 gnolls (Bailey)
  8 adders
  A shadow imp (D:7)
  A white imp (D:6)
  An adder skeleton (D:5)
  An adder zombie (D:5)
  2 worms (D:2)
  2 dart slugs
  14 orcs
  7 ball pythons
  7 endoplasms
  5 giant cockroaches
  21 goblins
  10 hobgoblins
  6 jackals (D:4)
  15 kobolds
  4 quokkas
  8 bats
  3 frilled lizards
  2 rats
180 creatures vanquished.

Vanquished Creatures (collateral kills)
  3 orc warriors (Bailey)
  A gnoll (Bailey)
  An orc (Bailey)
  A goblin (Bailey)
  2 hobgoblins (Bailey)
8 creatures vanquished.

Vanquished Creatures (others)
  7 plants (D:1)
7 creatures vanquished.

Grand Total: 195 creatures vanquished

Notes
Turn   | Place    | Note
-------+----------+-------------------------------------------
     0 | D:1      | robertstho the Troll Berserker began the quest for the Orb.
     0 | D:1      | Reached XP level 1. HP: 22/22 MP: 0/0
    77 | D:1      | Reached XP level 2. HP: 28/29 MP: 1/1
   369 | D:1      | Reached skill level 3 in Maces & Flails
   371 | D:1      | Reached ** piety under Trog
   496 | D:1      | Reached XP level 3. HP: 36/36 MP: 2/2
   749 | D:2      | You fall into a shaft and drop 1 floor!
   812 | D:2      | Reached skill level 1 in Armour
   856 | D:2      | Noticed Sigmund
   861 | D:2      | Killed Sigmund
   862 | D:2      | Reached skill level 4 in Maces & Flails
   862 | D:2      | Reached XP level 4. HP: 45/45 MP: 3/3
   862 | D:2      | Reached XP level 5. HP: 53/53 MP: 4/4
   931 | D:2      | Found a faded altar of an unknown god.
  1304 | D:2      | Found a runed translucent door.
  1305 | D:2      | Noticed Crazy Yiuf
  1312 | D:2      | Killed Crazy Yiuf
  1453 | D:3      | Reached XP level 6. HP: 59/61 MP: 5/5
  1774 | D:3      | Noticed Jessica
  1786 | D:3      | Killed Jessica
  1786 | D:3      | Reached *** piety under Trog
  1898 | D:3      | Found Kuacs's Antique Weapon Emporium.
  1946 | D:3      | Noticed Terence
  1953 | D:3      | Killed Terence
  2509 | D:4      | Noticed Robin
  2520 | D:4      | Killed Robin
  2986 | D:4      | Reached XP level 7. HP: 66/70 MP: 6/6
  2994 | D:4      | Found a burning altar of Makhleb.
  3116 | D:4      | Reached skill level 5 in Maces & Flails
  3458 | D:5      | Entered Level 5 of the Dungeon
  3543 | D:5      | Reached **** piety under Trog
  3624 | D:5      | Found a shimmering blue altar of Sif Muna.
  3650 | D:5      | Found a snail-covered altar of Cheibriados.
  3651 | D:5      | Found a stormy altar of Qazlal.
  3654 | D:5      | Found a sparkling altar of Nemelex Xobeh.
  3761 | D:5      | Found a glowing golden altar of the Shining One.
  3767 | D:5      | Found a basalt altar of Yredelemnul.
  3767 | D:5      | Found a blossoming altar of Fedhas.
  3799 | D:5      | Reached XP level 8. HP: 79/79 MP: 7/7
  3870 | D:5      | Reached skill level 5 in Fighting
  3892 | D:5      | Reached skill level 6 in Maces & Flails
  3982 | D:5      | Found an opulent altar of Gozag.
  4424 | D:6      | Found a hazy altar of Hepliaklqana.
  4442 | D:6      | Noticed a two-headed ogre
  4451 | D:6      | Killed a two-headed ogre
  4452 | D:6      | Reached skill level 7 in Maces & Flails
  4452 | D:6      | Reached XP level 9. HP: 21/89 MP: 8/8
  4505 | D:6      | Found a runed translucent gate.
  4506 | D:6      | Found a runed translucent gate.
  4506 | D:6      | Noticed Daunt's ghost (novice DgTm)
  4508 | D:6      | Found a runed translucent gate.
  5199 | D:6      | Found a faded altar of an unknown god.
  5199 | D:6      | Found a hazy altar of Hepliaklqana.
  5201 | D:6      | Found a faded altar of an unknown god.
  5261 | D:6      | Found a staircase to the Ecumenical Temple.
  5385 | D:7      | Reached skill level 8 in Maces & Flails
  5432 | D:7      | Found a flagged portal.
  5441 | D:7      | Reached skill level 5 in Armour
  5464 | Bailey   | Entered a bailey
  5505 | Bailey   | Noticed an orc knight
  5519 | Bailey   | Killed an orc knight
  5543 | Bailey   | Reached XP level 10. HP: 75/102 MP: 9/9
  5573 | Bailey   | Identified the +0 ring mail "Nenyibri" {rF+ Regen+ Int-3
                  | Dex+6}
  5822 | D:7      | Found a white marble altar of Elyvilon.
  5886 | D:7      | Noticed a deep elf pyromancer
  5907 | D:7      | Killed a deep elf pyromancer
  5908 | D:7      | Reached skill level 1 in Evocations
  5908 | D:7      | HP: 3/100 [killer bee (5)]
  5909 | D:7      | Succumbed to a killer bee's poison

Illustrated notes

Levels and vault maps discovered:
D:1:      roderic_crop_circles_arrival_small, layout_basic
D:2:      layout_loops_ring, shapermc_ecumenical_altar_mp_ritualfount,
          chequers_serial_rivers_small_a, kennysheep_generic_room_8,
          uniq_crazy_yiuf_cottage, uniq_sigmund
D:3:      layout_basic, serial_shops, nicolae_diamond_shop, serial_corexii_hall,
          chequers_hall_statues_wall_a, chequers_hall_statues_corner_a,
          chequers_serial_rivers_micro_c, uniq_terence, uniq_jessica
D:4:      layout_layer_cave, mainiacjoe_overflow_tiny_flanked, uniq_robin
D:5:      layout_gridville, marbit_many_paths, grunt_temple_overflow_open,
          mainiacjoe_overflow_surrounded_room, serial_undead, serial_undead_c,
          serial_undead_f, serial_undead_f, serial_undead_a, serial_undead_d,
          serial_undead_d
D:6:      minmay_octagon_keep, layout_basic,
          nicolae_hepliaklqana_ecumenical_no_more, temple_hall,
          ebering_ghost_rock_garden, serial_bayou_ford_a, solitary_fountain,
          kennysheep_flooded_box
D:7:      layout_basic, elyvilon_altar_4, enter_bailey_5, uniq_joseph

Skill      XL: |  1  2  3  4  5  6  7  8  9 10 |
---------------+-------------------------------+-----
Maces & Flails | 3 4 5 7 8 |  8.7
Fighting       | 3 4 6 7 |  7.2
Armour         | 1 2 3 4 5 6 |  6.0
Dodging        | 3 4 |  4.7
Evocations     | 1 |  1.0

Action                   |  1- 3 |  4- 6 |  7- 9 | 10-12 || total
-------------------------+-------+-------+-------+-------++-------
Melee: Mace              |   122 |   177 |    19 |       ||   318
       Flail             |       |       |   350 |    74 ||   424
Invok: Berserk           |     2 |     4 |     9 |     2 ||    17
       Trog's Hand       |       |       |     4 |     1 ||     5
       Brothers in Arms  |       |       |     1 |       ||     1
Evoke: Wand              |       |       |    16 |       ||    16
  Use: Scroll            |       |     8 |     4 |       ||    12
       Potion            |       |       |     5 |     1 ||     6
 Stab: Sleeping          |     1 |     3 |     2 |       ||     6
Armor: Animal skin       |    62 |    95 |   111 |       ||   268
       Fire dragon scale |       |       |   198 |    84 ||   282
       Skin              |       |       |    36 |       ||    36
Dodge: Dodged            |    70 |   116 |   258 |    80 ||   524
